 Dungeon Crawl Stone Soup version bcrawl-1.40.2 (webtiles) character file.

Game seed: 17939397800846957280

365539 Notanamesir the Ruffian (level 10, -7/86 HPs)
             Began as an Oni Skald on Nov 14, 2023.
             Was a Follower of Makhleb.
             Mangled by a queen ant (9 damage)
             ... on level 8 of the Dungeon.
             The game lasted 00:17:53 (6994 turns).

Notanamesir the Ruffian (Oni Skald)                 Turns: 6994, Time: 00:17:54

Health: -7/86      AC: 11    Str: 15    XL:     10   Next: 64%
Magic:  17/20      EV: 16    Int: 17    God:    Makhleb [*.....]
Gold:   387        SH:  0    Dex: 11    Spells: 5/20 levels left

rFire    . . .     GDR:     29%   - Claws (15.9)
rCold    . . .     SeeInvis .   (no shield)
rNeg     + . .     Gourm    .   j - +5 ring mail "Secaxty" {rPois Stlth+}
rPois    +         Faith    .   (helmet restricted)
rElec    .         Spirit   .   (no cloak)
rCorr    .         Reflect  .   (no gloves)
MR       .....                  (no boots)
Stlth    ++........             c - amulet of magic regeneration
HPRegen  0.24/turn              b - ring "Jokkup" {+Fly rN+}
MPRegen  0.39/turn              u - +4 ring of evasion

@: lethally poisoned (-7 -> -13), marked, infused (expiring)
A: oni magic, claws 1, fangs 1, horns 1
a: Minor Destruction, Renounce Religion, Evoke Flight


You were on level 8 of the Dungeon.
You worshipped Makhleb.
Makhleb was aware of your devotion.
You were not hungry.

You visited 2 branches of the dungeon, and saw 9 of its levels.

You collected 387 gold pieces.

Inventory:

Armour
 j - the +5 ring mail "Secaxty" (worn) {rPois Stlth+}
   (You found it on level 7 of the Dungeon)

   It protects you from poison.
   It makes you more stealthy.
Jewellery
 b - the ring "Jokkup" (left claw) {+Fly rN+}
   (You found it on level 1 of the Dungeon)

   [ring of flight]

   It protects you from negative energy.
   It lets you fly.
 c - an amulet of magic regeneration (around neck)
 u - a +4 ring of evasion (right claw)
Wands
 p - a wand of flame (23)
 r - a wand of digging (5)
Scrolls
 l - 2 scrolls of teleportation
 n - 2 scrolls of remove curse
 o - 2 scrolls of revelation
 t - a scroll of enchant armour
Potions
 a - a potion of lignification
 d - a potion of mutation
 f - a potion of resistance
 g - a potion of flight
 k - a potion of haste
 m - a potion of curing
 s - a potion of ambrosia
Comestibles
 e - 15 rations {!d}
 h - 4 chunks of flesh


   Skills:
 - Level 7.0 Fighting
 - Level 7.0 Armour
 * Level 3.8 Dodging
 - Level 7.6 Unarmed Combat
 - Level 5.8 Spellcasting
   Level 5.8 Conjurations
   Level 5.8 Hexes
   Level 5.8 Charms
   Level 5.8 Summonings
   Level 5.8 Necromancy
   Level 5.8 Translocations
   Level 5.8 Transmutations
   Level 5.8 Fire Magic
   Level 5.8 Ice Magic
   Level 5.8 Air Magic
   Level 5.8 Earth Magic
   Level 5.8 Poison Magic
 - Level 4.0 Invocations


You had 5 spell levels left.
You knew the following spells:

 Your Spells              Type           Power        Failure   Level  Hunger
a - Infusion              Chrm           ####....     1%          1    None
b - Song of Slaying       Chrm           ####....     2%          2    None
c - Ozocubu's Armour      Chrm/Ice       ###.....     6%          3    ##.....
d - Call Imp              Summ           ####..       2%          2    None
e - Regeneration          Chrm/Necr      ###.......   6%          3    ##.....
f - Summon Scorpions      Summ/Pois      ###.....     22%         4    ####...

Your spell library contained the following spells:

 Spells                   Type           Power        Failure   Level  Hunger
 Poisonous Vapours        Pois/Air       ###...       3%          2    None
 Swiftness                Chrm/Air       ###.....     3%          2    None
 Spectral Weapon          Hex/Chrm       ###.....     6%          3    ##.....
 Petrify                  Tmut/Erth      ###.......   22%         4    ####...
 Lee's Rapid Deconstruct  Erth           ####......   38%         5    ######.


Dungeon Overview and Level Annotations

Branches:
Dungeon (8/12)             Temple (1/1) D:6            Lair (0/6) D:7
    Orc: D:8-11

Altars:
Ashenzari
Cheibriados
Dithmenos
Fedhas
Gozag
Hepliaklqana
Kikubaaqudgha
Lugonu
Makhleb
Nemelex Xobeh
Okawaru
Qazlal
Ru
Sif Muna
Trog
Vehumet
Wu Jian
Xom
Yredelemnul

Shops:
D:7 }

Annotations:
D:4 1 runed translucent door, lastchild's ghost, novice OpTm
D:5 2 transporters, Wachungys's ghost, novice NaMo


Innate Abilities, Weirdness & Mutations

You learn spells by gaining experience, not through books or religion.
You only train spellcasting to practice magic.
You have sharp fingernails.
You have very sharp teeth.
You have a pair of small horns on your head.


Message History

The soldier ant stings you.
* * * LOW HITPOINT WARNING * * *
The orc warrior hits you from afar with a +0 trident!
* * * LOW HITPOINT WARNING * * *
The worker ant waves its antennae.
The queen ant closely misses you.
You scratch the queen ant.
You headbutt the queen ant, but do no damage.
The queen ant is moderately wounded.
Your magical infusion is running out.
The soldier ant stings you.
* * * LOW HITPOINT WARNING * * *
You are lethally poisoned!
The soldier ant poisons you! The orc warrior closely misses you.
You scratch the queen ant.
You headbutt the queen ant, but do no damage.
The queen ant is heavily wounded.
* * * LOW HITPOINT WARNING * * *
You feel sick. The queen ant stings you!
You die... #.^... aa.a ........... #...aaa.Z. ## ##..aaaaaa### .. ..aaaaaa #.# .# #aahaaa

#.####.#
#aaaa.###......#
###a####S......#
#@aohyo....#.#
######y###<#
.yy.#..#
####.....
#.#.##. #.......
#........ .#.
#.### ....


You could see a queen ant, an orc warrior, 7 soldier ants, 2 howler monkeys, 16
worker ants, 2 killer bees, an adder, an orc and a bullfrog zombie.

Vanquished Creatures
  A two-headed ogre (D:7)
  A troll (D:7)
  Grinder (D:6)
  4 hippogriffs
  Sigmund (D:3)
  3 crocodiles (D:7)
  2 porcupines (D:7)
  An orc warrior (D:7)
  A black bear (D:7)
  4 phantoms
  3 ogres
  4 wolves (D:7)
  4 bullfrogs
  2 kobold brigands (D:6)
  A centaur (D:6)
  3 scorpions
  A howler monkey (D:4)
  6 wights
  An orc priest (D:5)
  2 crimson imps
  A jelly (D:6)
  A hound (D:4)
  7 orc wizards
  3 bullfrog skeletons
  2 iguanas
  4 worker ants
  2 hound skeletons
  A howler monkey zombie (D:7)
  A worker ant zombie (D:6)
  3 gnolls (D:4)
  4 adders
  2 oozes
  An adder zombie (D:7)
  3 adder skeletons
  A worm (D:4)
  2 dart slugs
  7 leopard geckos
  16 orcs
  3 ball pythons
  A giant cockroach (D:1)
  9 goblins
  7 hobgoblins
  5 jackals (D:3)
  14 kobolds
  6 quokkas
  7 bats
  2 frilled lizards
  3 rats
164 creatures vanquished.

Vanquished Creatures (collateral kills)
  A worker ant (D:8)
1 creature vanquished.

Vanquished Creatures (others)
  2 fungi (D:7)
  3 plants (D:7)
5 creatures vanquished.

Grand Total: 170 creatures vanquished

Notes
Turn   | Place    | Note
-------+----------+-------------------------------------------
     0 | D:1      | Notanamesir the Oni Skald began the quest for the Orb.
     0 | D:1      | Reached XP level 1. HP: 17/17 MP: 5/5
    74 | D:1      | Got a translucent lapis lazuli ring
    80 | D:1      | Identified the ring "Jokkup" {+Fly rN+} (You found it on
                  | level 1 of the Dungeon)
   117 | D:1      | Reached XP level 2. HP: 11/24 MP: 4/7
   392 | D:1      | Reached XP level 3. HP: 29/29 MP: 9/9
   624 | D:1      | Learned a level 2 spell: Song of Slaying
   628 | D:1      | Learned a level 3 spell: Ozocubu's Armour
  1077 | D:2      | Reached XP level 4. HP: 33/37 MP: 10/10
  1461 | D:2      | Learned a level 2 spell: Call Imp
  1545 | D:3      | Found a faded altar of an unknown god.
  1867 | D:3      | Noticed Sigmund
  1869 | D:3      | Found a radiant altar of Vehumet.
  1877 | D:3      | Killed Sigmund
  1878 | D:3      | Reached XP level 5. HP: 23/45 MP: 8/12
  1878 | D:3      | Reached XP level 6. HP: 26/51 MP: 8/13
  2544 | D:3      | Learned a level 3 spell: Regeneration
  2709 | D:4      | Reached XP level 7. HP: 48/59 MP: 12/14
  3188 | D:4      | Found a runed translucent door.
  3189 | D:4      | Noticed lastchild's ghost (novice OpTm)
  3201 | D:4      | Learned a level 3 spell: Spectral Weapon
  3217 | D:5      | Entered Level 5 of the Dungeon
  3285 | D:5      | Reached skill level 5 in Unarmed Combat
  3304 | D:5      | Found a transporter.
  3306 | D:5      | Found a transporter.
  3307 | D:5      | Noticed Wachungys's ghost (novice NaMo)
  3542 | D:5      | Reached skill level 5 in Fighting
  4022 | D:5      | Reached XP level 8. HP: 59/68 MP: 13/16
  4057 | D:5      | Found a snail-covered altar of Cheibriados.
  4180 | D:6      | Found a shattered altar of Ashenzari.
  4317 | D:6      | Got a wavering iron ring
  4333 | D:6      | Identified the cursed ring of Untruth {Ice *Contam Dex+6}
                  | (You found it on level 6 of the Dungeon)
  4632 | D:6      | Noticed a hippogriff
  4643 | D:6      | Killed a hippogriff
  4649 | D:6      | Reached skill level 5 in Spellcasting
  4650 | D:6      | HP: 2/70 [wight/cursed +4 long sword (8)]
  4818 | D:6      | Found a staircase to the Ecumenical Temple.
  4827 | Temple   | Entered the Ecumenical Temple
  5022 | Temple   | Became a worshipper of Makhleb the Destroyer
  5054 | D:6      | Reached XP level 9. HP: 78/78 MP: 15/18
  5217 | D:6      | Found a corrupted altar of Lugonu.
  5226 | D:6      | Reached skill level 1 in Invocations
  5551 | D:6      | Noticed Grinder
  5554 | D:6      | Paralysed by Grinder for 3 turns
  5572 | D:6      | Killed Grinder
  5858 | D:7      | Found Leneg's Gadget Emporium.
  5892 | D:7      | Reached * piety under Makhleb
  5897 | D:7      | Got a dazzling ring mail
  5908 | D:7      | Identified the +5 ring mail "Secaxty" {rPois Stlth+} (You
                  | found it on level 7 of the Dungeon)
  5922 | D:7      | Reached skill level 1 in Armour
  5970 | D:7      | Reached XP level 10. HP: 41/86 MP: 13/20
  5975 | D:7      | Learned a level 4 spell: Summon Scorpions
  6119 | D:7      | Reached skill level 5 in Armour
  6212 | D:7      | Noticed a two-headed ogre
  6266 | D:7      | Killed a two-headed ogre
  6753 | D:7      | Found a staircase to the Lair.
  6877 | D:7      | Found a sparkling altar of Nemelex Xobeh.
  6981 | D:8      | Noticed a queen ant
  6993 | D:8      | HP: 3/86 [soldier ant (3)]
  6994 | D:8      | Mangled by a queen ant

Skill      XL: |  1  2  3  4  5  6  7  8  9 10 |
---------------+-------------------------------+-----
Unarmed Combat | 3 4 5 6 7 |  7.6
Spellcasting   | 3 4 5 |  5.8
Fighting       | 3 4 5 6 7 |  7.0
Invocations    | 4 |  4.0
Dodging        | 2 3 |  3.8
Armour         | 3 7 |  7.0
Conjurations   | |  5.8
Hexes          | |  5.8
Charms         | |  5.8
Summonings     | |  5.8
Necromancy     | |  5.8
Translocations | |  5.8
Transmutations | |  5.8
Fire Magic     | |  5.8
Ice Magic      | |  5.8
Air Magic      | |  5.8
Earth Magic    | |  5.8
Poison Magic   | |  5.8

Action                   |  1- 3 |  4- 6 |  7- 9 | 10-12 || total
-------------------------+-------+-------+-------+-------++-------
Melee: Unarmed           |    96 |    86 |   278 |   119 ||   579
       Headbutt          |    11 |    15 |    35 |    23 ||    84
       Bite              |     9 |     3 |    29 |     7 ||    48
       Punch             |       |     1 |     3 |     2 ||     6
 Cast: Infusion          |     8 |    10 |    17 |     8 ||    43
       Song of Slaying   |       |     2 |     3 |       ||     5
       Ozocubu's Armour  |       |     1 |     9 |     3 ||    13
       Regeneration      |       |       |     3 |     5 ||     8
       Summon Scorpions  |       |       |       |     3 ||     3
       Call Imp          |       |       |       |     1 ||     1
Invok: Minor Destruction |       |       |       |     1 ||     1
  Use: Scroll            |     2 |     6 |     6 |     4 ||    18
       Potion            |       |       |     2 |       ||     2
  Eat: Chunk             |     1 |     5 |     9 |     5 ||    20
       Ration            |     1 |       |     3 |       ||     4
Armor: Leather armour    |    34 |    23 |    66 |       ||   123
       Ring mail         |       |       |    10 |    40 ||    50
Dodge: Dodged            |    51 |    29 |   139 |    61 ||   280
Block: Other             |       |    11 |     4 |       ||    15
